Map: Acropolis LE

Players

PappiJoe

  • Race: Protoss Protoss
  • Spawn Location: 5:00

Dolan - Winner!

  • Race: Terran Terran
  • Spawn Location: 11:00

VOD

Have the link to the VOD?

Description

Time

  • Played on: Sept. 6, 2019, 6:25 p.m.
  • Length: 7:07
Show
View Real Time Build Order
Export as new Build Order

PappiJoe Protoss 

Build Orders: Colossus Rush 

Get SALT Encoding   

  12  0:00  Probe  
  13  0:12  Probe  
  14  0:20  Pylon  
  14  0:25  Probe  
  15  0:35  Probe  
  15  0:39  Gateway  
  16  0:43  Probe  
  16  0:48  Assimilator  
  17  0:52  Probe  
  18  1:04  Probe  
  19  1:16  Probe  
  20  1:23  Assimilator  
  20  1:28  Probe  
  20  1:29  Zealot  
  20  1:31  Pylon  
  23  1:33  Cybernetics Core  
  23  1:45  Gateway  
  23  1:50  Pylon  
  23  1:57  Probe  
  24  2:03  Stalker  
  24  2:09  Probe  
  24  2:12  Warp Gate  
  26  2:21  Nexus  
  26  2:26  Probe  
  27  2:39  Robotics Facility  
  27  2:44  Pylon  
  27  2:45  Probe  
  28  2:54  Stalker  
  28  2:57  Probe  
  31  3:07  Shield Battery  
  31  3:09  Probe  
  32  3:22  Probe  
  32  3:25  Observer  
  33  3:33  Probe  
  35  3:36  Probe  
  35  3:37  Shield Battery  
  36  3:42  Gateway x2  
  36  3:45  Observer, Probe  
  36  3:48  Probe  
  38  3:54  Probe  
  39  3:56  Probe  
  39  4:02  Observer, Probe  
  41  4:04  Probe  
  41  4:07  Assimilator  
  41  4:08  Pylon  
  43  4:11  Probe  
  43  4:15  Immortal  
  44  4:21  Observer  
  48  4:25  Probe  
  48  4:28  Probe  
  50  4:35  Robotics Bay  
  50  4:37  Probe  
  51  4:40  Probe  
  52  4:49  Probe  
  52  4:52  Observer, Probe  
  54  4:58  Pylon  
  55  5:01  Probe, Stalker x2  
  55  5:04  Probe  
  59  5:08  Colossus  
  59  5:13  Probe  
  60  5:16  Probe  
  61  5:22  Pylon  
  61  5:26  Probe  
  61  5:27  Shield Battery  
  68  5:28  Probe  
  68  5:33  Pylon  
  68  5:35  Pylon  
  69  5:37  Shield Battery  
  69  5:42  Zealot x3  
  73  5:55  Colossus  
  73  6:03  Stalker  
  73  6:04  Stalker  
  82  6:09  Gateway  
  82  6:11  Pylon, Zealot  
  74  6:27  Stalker  
  64  6:33  Stalker  
  48  6:49  Stalker  
  48  6:50  Stalker  
Show
View Real Time Build Order
Export as new Build Order

Dolan Terran - Winner!

Build Orders: Cyclone Opening 

Get SALT Encoding   

  12  0:00  SCV  
  13  0:12  SCV  
  14  0:17  Supply Depot  
  14  0:25  SCV  
  15  0:39  Barracks, SCV  
  16  0:45  Refinery  
  16  0:51  SCV  
  16  0:54  Refinery  
  17  1:03  SCV  
  18  1:15  SCV  
  19  1:26  Reaper  
  19  1:27  Orbital Command  
  20  1:34  Supply Depot  
  20  1:45  Factory  
  20  1:56  SCV  
  21  2:08  SCV  
  22  2:20  SCV  
  23  2:25  Command Center  
  23  2:27  Barracks Reactor  
  23  2:30  Factory Tech Lab  
  23  2:32  SCV  
  24  2:44  SCV  
  25  2:51  Starport  
  25  2:52  Cyclone  
  28  3:02  SCV  
  28  3:03  Marine x2  
  31  3:07  Supply Depot  
  31  3:30  SCV  
  31  3:34  Factory Tech Lab, Marine x2  
  32  3:35  Banshee, Cloaking Field  
  36  3:45  SCV  
  37  3:52  Orbital Command  
  37  3:53  Siege Tank  
  40  3:56  Marine x2  
  42  4:04  SCV  
  42  4:05  Supply Depot  
  43  4:17  Banshee  
  43  4:18  Marine  
  43  4:19  Marine  
  43  4:20  SCV x2  
  50  4:29  Supply Depot  
  50  4:31  Siege Tank  
  53  4:33  SCV x2  
  53  4:36  Marine  
  53  4:37  Marine  
  58  4:45  SCV x2  
  58  4:51  Supply Depot  
  59  4:54  Marine x2  
  61  5:00  Banshee  
  64  5:13  Marine x2  
  64  5:14  Siege Tank  
  69  5:15  SCV x2  
  69  5:19  Command Center  
  71  5:27  SCV x2  
  73  5:32  Marine x2  
  75  5:36  Supply Depot  
  75  5:53  Bunker  
  75  5:56  Marine x2  
  75  5:57  Siege Tank  
  80  5:58  Banshee  
  58  6:35  Marine x2  
  58  6:38  SCV  
  58  6:39  SCV  
  64  6:43  Barracks x2  
  63  6:51  SCV x2  
Tags
 
Add a new tag
Caveats
  • Supply blocks, unpowered buildings, or Contaminate may cause inaccurate times.
  • Supply counts are checked every 10 seconds.